[ AOE2 MATCH · #479213203 ]
UnrankedSicilians vs Bohemians
[ REPLAY ANALYSIS · EXTRACTED FROM THE RECORDED GAME ]
Feudal
—
Castle
—
Imperial
—
| APM avg | 2.0 |
| APM peak | 47 |
| eAPM avg | 0.7 |
| Villagers / military | 10 / 0 |
Focus
⚔️ 23.3% · 🌾 76.7%
Feudal
13:36
Castle
17:13
Imperial
30:33
| APM avg | 26.8 |
| APM peak | 46 |
| eAPM avg | 15.4 |
| Villagers / military | 114 / 102 |
Focus
⚔️ 22.1% · 🌾 77.9%
Spearman ×69 · Bombard Cannon ×32 · Trade Cart ×11 · Monk ×1
Feudal
18:48
Castle
36:30
Imperial
43:30
| APM avg | 10.2 |
| APM peak | 26 |
| eAPM avg | 6.8 |
| Villagers / military | 66 / 15 |
Focus
⚔️ 31.8% · 🌾 68.2%
Mangonel ×15
Feudal
15:26
Castle
24:16
Imperial
40:14
| APM avg | 12.3 |
| APM peak | 23 |
| eAPM avg | 9.0 |
| Villagers / military | 130 / 72 |
Focus
⚔️ 28.8% · 🌾 71.2%
Scorpion ×41 · Scout Cavalry ×16 · Monk ×15
Feudal
12:08
Castle
20:29
Imperial
36:19
| APM avg | 13.4 |
| APM peak | 28 |
| eAPM avg | 10.5 |
| Villagers / military | 157 / 77 |
Focus
⚔️ 24.9% · 🌾 75.1%
Skirmisher ×40 · Scorpion ×12 · Rattan Archer ×12 · Fire Lancer ×7 · Bombard Cannon ×3 · Mangonel ×2
Feudal
—
Castle
—
Imperial
—
| APM avg | 11.1 |
| APM peak | 24 |
| eAPM avg | 9.3 |
| Villagers / military | 110 / 115 |
Focus
⚔️ 30.6% · 🌾 69.4%
War Elephant ×100 · Skirmisher ×15 · Fishing Ship ×9
Feudal
14:02
Castle
17:56
Imperial
35:18
| APM avg | 12.4 |
| APM peak | 32 |
| eAPM avg | 8.6 |
| Villagers / military | 121 / 176 |
Focus
⚔️ 30.1% · 🌾 69.9%
Genoese Crossbowman ×95 · Unknown (882) ×90 · Spearman ×55 · Mangonel ×20 · Bombard Cannon ×3 · Trebuchet (Packed) ×3
Feudal
—
Castle
—
Imperial
—
| APM avg | 14.1 |
| APM peak | 41 |
| eAPM avg | 12.0 |
| Villagers / military | 89 / 108 |
Focus
⚔️ 23.4% · 🌾 76.6%
Hussite Wagon ×104 · Trade Cart ×6 · Fishing Ship ×5 · Bombard Cannon ×4
Match map
Initial resources + every placement click. Lines = walls · curves = elevation contours. ◆ gold · ⬟ stone · ● berries · ✦ relic · ◌ wall gap
Your base· Open — unwalled flank
DOGR14's base· ✓ Closed at 17:13 · 1t walls · fragile
Kralson's base· ✓ Closed at 36:30 · 166t walls · 10 gate(s)
komailvidz's base· ✓ Closed at 24:16 · 51t walls · 4 gate(s) · fragile
Luc_The_War's base· ✓ Closed at 20:29 · 18t walls · fragile
Bafode_44's base· ✓ Closed at 18:12 · 27t walls · no gate
kingvenkat521's base· ✓ Closed at 17:56 · 0t walls · fragile
floping44's base· ✓ Closed at 18:11 · 26t walls · no gate
Smoothed initial terrain · ◌ = detected wall gap · hover for details
Inputs per minute
— 癸政舒 - - DOGR14
Build order — 癸政舒
16 actions detected in the replay
| 0:04 | Research | Loom |
| 0:05 | Create | Villager (Male) |
| 0:05 | Create | Villager (Male) |
| 0:05 | Create | Villager (Male) |
| 0:05 | Create | Villager (Male) |
| 0:06 | Create | Villager (Male) |
| 0:09 | Build | House |
| 0:10 | Build | House |
| 0:12 | Build | House |
| 0:12 | Build | House |
| 1:09 | Build | Palisade Wall |
| 2:15 | Create | Villager (Male) |
| 2:16 | Create | Villager (Male) |
| 3:13 | Create | Villager (Male) |
| 3:13 | Create | Villager (Male) |
| 3:13 | Create | Villager (Male) |
Build order — DOGR14
First 150 of 389 actions detected
| 0:03 | Create | Villager (Male) |
| 0:05 | Build | House |
| 0:07 | Create | Villager (Male) |
| 0:09 | Build | House |
| 0:31 | Create | Villager (Male) |
| 0:54 | Create | Villager (Male) |
| 1:44 | Create | Villager (Male) |
| 1:47 | Build | Lumber Camp |
| 2:03 | Create | Villager (Male) |
| 2:42 | Create | Villager (Male) |
| 3:07 | Build | House |
| 3:16 | Create | Villager (Male) |
| 3:46 | Create | Villager (Male) |
| 4:24 | Create | Villager (Male) |
| 4:49 | Create | Villager (Male) |
| 4:55 | Build | Mill |
| 5:18 | Create | Villager (Male) |
| 5:34 | Create | Villager (Male) |
| 5:46 | Create | Villager (Male) |
| 5:49 | Build | House |
| 6:09 | Create | Villager (Male) |
| 6:23 | Create | Villager (Male) |
| 6:23 | Create | Villager (Male) |
| 7:25 | Create | Villager (Male) |
| 7:57 | Create | Villager (Male) |
| 8:14 | Create | Villager (Male) |
| 8:26 | Build | Farm |
| 8:35 | Build | Farm |
| 8:41 | Create | Villager (Male) |
| 8:53 | Build | Farm |
| 9:08 | Build | House |
| 9:09 | Build | House |
| 9:20 | Build | Farm |
| 9:21 | Create | Villager (Male) |
| 9:30 | Create | Villager (Male) |
| 10:02 | Create | Villager (Male) |
| 10:14 | Create | Villager (Male) |
| 10:24 | Build | Farm |
| 10:34 | Create | Villager (Male) |
| 10:42 | Build | Mining Camp |
| 10:54 | Create | Villager (Male) |
| 10:57 | Build | Farm |
| 11:06 | Build | Farm |
| 11:11 | Research | Feudal Age |
| 11:31 | Build | Farm |
| 13:26 | Build | Farm |
| 13:29 | Build | Farm |
| 13:32 | Build | Farm |
| 13:36 | Age | Feudal Age |
| 13:44 | Build | Market |
| 13:53 | Build | Blacksmith |
| 14:19 | Research | Double-Bit Axe |
| 14:19 | Research | Double-Bit Axe |
| 14:34 | Research | Castle Age |
| 14:34 | Research | Castle Age |
| 14:59 | Research | Horse Collar |
| 14:59 | Research | Horse Collar |
| 14:59 | Research | Horse Collar |
| 15:13 | Build | Farm |
| 16:21 | Build | Palisade Wall |
| 17:13 | Age | Castle Age |
| 17:17 | Build | Town Center |
| 17:20 | Create | Villager (Male) |
| 17:21 | Create | Villager (Male) |
| 17:21 | Create | Villager (Male) |
| 17:54 | Research | Bow Saw |
| 17:54 | Research | Bow Saw |
| 17:58 | Create | Villager (Male) |
| 18:18 | Build | House |
| 18:47 | Create | Villager (Male) |
| 18:48 | Create | Villager (Male) |
| 18:48 | Create | Villager (Male) |
| 18:52 | Build | House |
| 19:01 | Create | Villager (Male) |
| 19:02 | Create | Villager (Male) |
| 19:11 | Create | Villager (Male) |
| 19:16 | Build | Farm |
| 19:37 | Research | Wheelbarrow |
| 19:37 | Research | Wheelbarrow |
| 19:43 | Build | Farm |
| 20:11 | Build | Farm |
| 20:38 | Research | Heavy Plow |
| 20:39 | Research | Heavy Plow |
| 20:47 | Build | House |
| 20:51 | Create | Villager (Male) |
| 20:57 | Build | Farm |
| 20:57 | Build | Farm |
| 21:11 | Create | Villager (Male) |
| 21:11 | Create | Villager (Male) |
| 21:20 | Build | Farm |
| 21:27 | Build | Farm |
| 21:28 | Build | Farm |
| 21:37 | Create | Villager (Male) |
| 21:37 | Create | Villager (Male) |
| 22:17 | Create | Villager (Male) |
| 22:18 | Create | Villager (Male) |
| 23:00 | Build | Town Center |
| 23:14 | Build | Farm |
| 23:17 | Build | Farm |
| 23:17 | Build | Farm |
| 23:17 | Build | Farm |
| 23:21 | Create | Villager (Male) |
| 23:22 | Create | Villager (Male) |
| 23:22 | Create | Villager (Male) |
| 23:24 | Create | Villager (Male) |
| 23:32 | Build | House |
| 23:40 | Create | Villager (Male) |
| 24:09 | Build | Monastery |
| 24:39 | Build | Castle |
| 24:57 | Research | Fervor |
| 25:09 | Build | House |
| 25:13 | Create | Villager (Male) |
| 25:13 | Create | Villager (Male) |
| 25:15 | Create | Villager (Male) |
| 25:15 | Create | Villager (Male) |
| 25:58 | Create | Monk |
| 26:08 | Build | University |
| 26:13 | Build | Farm |
| 26:16 | Build | Farm |
| 26:20 | Build | Farm |
| 26:21 | Create | Villager (Male) |
| 26:22 | Create | Villager (Male) |
| 26:25 | Create | Villager (Male) |
| 26:25 | Create | Villager (Male) |
| 26:28 | Build | Farm |
| 26:47 | Build | House |
| 27:13 | Build | House |
| 27:23 | Research | Imperial Age |
| 27:33 | Build | Farm |
| 27:44 | Build | Farm |
| 27:53 | Build | Farm |
| 28:00 | Build | Farm |
| 28:04 | Create | Villager (Male) |
| 28:23 | Build | Town Center |
| 28:35 | Create | Villager (Male) |
| 28:37 | Research | Chemistry |
| 28:37 | Research | Chemistry |
| 28:43 | Build | Farm |
| 28:48 | Build | Farm |
| 28:53 | Create | Villager (Male) |
| 28:53 | Create | Villager (Male) |
| 28:54 | Create | Villager (Male) |
| 29:06 | Research | Scale Mail Armor |
| 29:07 | Research | Padded Archer Armor |
| 29:21 | Build | Barracks |
| 29:37 | Build | Barracks |
| 29:55 | Research | Pikeman (upgrade) |
| 29:55 | Research | Pikeman (upgrade) |
| 29:55 | Research | Pikeman (upgrade) |
| 29:56 | Research | Squires |
Build order — Kralson
First 150 of 206 actions detected
| 0:02 | Create | Villager (Male) |
| 0:03 | Create | Villager (Male) |
| 0:03 | Create | Villager (Male) |
| 0:03 | Create | Villager (Male) |
| 0:03 | Create | Villager (Male) |
| 0:42 | Build | Palisade Wall |
| 0:54 | Build | Palisade Wall |
| 1:30 | Build | House |
| 1:34 | Build | House |
| 3:23 | Build | Mill |
| 3:34 | Create | Villager (Male) |
| 3:35 | Create | Villager (Male) |
| 4:20 | Create | Villager (Male) |
| 4:20 | Create | Villager (Male) |
| 5:47 | Build | Palisade Gate |
| 5:55 | Create | Villager (Male) |
| 5:56 | Create | Villager (Male) |
| 5:56 | Create | Villager (Male) |
| 5:56 | Create | Villager (Male) |
| 5:56 | Create | Villager (Male) |
| 6:59 | Create | Villager (Male) |
| 6:59 | Create | Villager (Male) |
| 6:59 | Create | Villager (Male) |
| 7:22 | Build | Palisade Wall |
| 7:30 | Build | House |
| 7:45 | Create | Villager (Male) |
| 7:45 | Create | Villager (Male) |
| 8:09 | Build | House |
| 9:04 | Build | Palisade Gate |
| 9:15 | Build | Palisade Gate |
| 9:21 | Create | Villager (Male) |
| 9:21 | Create | Villager (Male) |
| 9:21 | Create | Villager (Male) |
| 9:41 | Create | Villager (Male) |
| 9:41 | Create | Villager (Male) |
| 10:27 | Build | Palisade Wall |
| 10:38 | Build | House |
| 10:40 | Build | House |
| 10:53 | Create | Villager (Male) |
| 10:53 | Create | Villager (Male) |
| 10:54 | Create | Villager (Male) |
| 10:54 | Create | Villager (Male) |
| 10:54 | Create | Villager (Male) |
| 11:34 | Create | Villager (Male) |
| 11:34 | Create | Villager (Male) |
| 11:34 | Create | Villager (Male) |
| 11:34 | Create | Villager (Male) |
| 12:07 | Build | Palisade Wall |
| 12:55 | Build | Lumber Camp |
| 13:49 | Build | Palisade Wall |
| 14:04 | Create | Villager (Male) |
| 14:08 | Create | Villager (Male) |
| 15:01 | Build | Palisade Wall |
| 15:22 | Build | Palisade Gate |
| 15:26 | Build | Palisade Gate |
| 16:12 | Build | Farm |
| 16:17 | Build | Farm |
| 16:30 | Build | Farm |
| 16:38 | Research | Feudal Age |
| 17:04 | Build | Palisade Gate |
| 17:24 | Build | Farm |
| 17:33 | Build | Farm |
| 17:39 | Build | Farm |
| 17:44 | Build | Farm |
| 17:47 | Build | Farm |
| 17:57 | Build | Farm |
| 18:30 | Build | Farm |
| 18:48 | Age | Feudal Age |
| 18:56 | Create | Villager (Male) |
| 18:56 | Create | Villager (Male) |
| 18:57 | Create | Villager (Male) |
| 19:00 | Create | Villager (Male) |
| 19:00 | Create | Villager (Male) |
| 19:04 | Research | Double-Bit Axe |
| 19:48 | Build | Palisade Wall |
| 20:04 | Build | Farm |
| 20:13 | Create | Villager (Male) |
| 20:14 | Research | Loom |
| 20:41 | Build | Farm |
| 20:47 | Research | Wheelbarrow |
| 20:47 | Research | Town Watch |
| 21:07 | Build | House |
| 21:09 | Build | House |
| 21:10 | Build | House |
| 21:12 | Build | House |
| 21:13 | Build | House |
| 21:42 | Build | Farm |
| 22:18 | Build | Farm |
| 22:25 | Build | Farm |
| 23:04 | Build | Palisade Gate |
| 23:11 | Build | House |
| 23:14 | Build | House |
| 23:16 | Build | House |
| 23:22 | Build | House |
| 23:23 | Build | House |
| 23:26 | Build | House |
| 23:30 | Create | Villager (Male) |
| 23:30 | Create | Villager (Male) |
| 23:31 | Create | Villager (Male) |
| 23:31 | Create | Villager (Male) |
| 23:31 | Create | Villager (Male) |
| 23:31 | Create | Villager (Male) |
| 23:31 | Create | Villager (Male) |
| 23:32 | Create | Villager (Male) |
| 23:32 | Create | Villager (Male) |
| 23:32 | Create | Villager (Male) |
| 23:32 | Create | Villager (Male) |
| 23:33 | Create | Villager (Male) |
| 23:33 | Create | Villager (Male) |
| 23:33 | Create | Villager (Male) |
| 23:33 | Create | Villager (Male) |
| 23:34 | Create | Villager (Male) |
| 24:05 | Build | Palisade Wall |
| 24:14 | Build | Palisade Wall |
| 24:17 | Build | Palisade Wall |
| 24:34 | Build | Mining Camp |
| 24:49 | Build | House |
| 24:50 | Build | House |
| 24:51 | Build | House |
| 24:52 | Build | House |
| 25:34 | Create | Villager (Male) |
| 25:34 | Create | Villager (Male) |
| 25:34 | Create | Villager (Male) |
| 25:34 | Create | Villager (Male) |
| 25:35 | Create | Villager (Male) |
| 25:35 | Create | Villager (Male) |
| 25:57 | Build | House |
| 25:59 | Build | House |
| 26:01 | Build | House |
| 26:18 | Build | House |
| 26:19 | Build | House |
| 26:22 | Build | House |
| 26:24 | Build | House |
| 26:26 | Build | House |
| 26:27 | Build | House |
| 26:30 | Build | House |
| 27:36 | Build | Blacksmith |
| 27:49 | Build | Palisade Wall |
| 28:05 | Build | Palisade Wall |
| 28:22 | Build | Farm |
| 28:49 | Build | Market |
| 28:54 | Build | Palisade Gate |
| 29:03 | Build | Farm |
| 29:29 | Build | Farm |
| 29:56 | Build | Farm |
| 30:03 | Build | Palisade Gate |
| 30:07 | Research | Stone Mining |
| 30:08 | Research | Gold Mining |
| 30:19 | Build | Palisade Gate |
| 31:45 | Build | Farm |
Build order — komailvidz
First 150 of 231 actions detected
| 0:07 | Research | Loom |
| 0:07 | Create | Villager (Male) |
| 0:08 | Create | Villager (Male) |
| 0:08 | Create | Villager (Male) |
| 0:17 | Build | House |
| 0:18 | Build | House |
| 0:21 | Build | House |
| 0:22 | Build | House |
| 1:00 | Create | Villager (Male) |
| 1:00 | Create | Villager (Male) |
| 2:11 | Create | Villager (Male) |
| 3:12 | Create | Villager (Male) ×2 |
| 3:13 | Create | Villager (Male) ×2 |
| 3:37 | Build | Palisade Wall |
| 3:38 | Build | Palisade Wall |
| 3:42 | Build | Palisade Wall |
| 3:57 | Build | Palisade Gate |
| 4:47 | Build | Lumber Camp |
| 4:51 | Create | Villager (Male) |
| 4:52 | Create | Villager (Male) |
| 5:46 | Create | Villager (Male) ×2 |
| 5:46 | Create | Villager (Male) ×2 |
| 6:23 | Build | Lumber Camp |
| 7:15 | Build | Mill |
| 8:33 | Create | Villager (Male) |
| 8:57 | Create | Villager (Male) |
| 8:57 | Create | Villager (Male) |
| 9:53 | Create | Villager (Male) |
| 10:53 | Create | Villager (Male) ×5 |
| 13:16 | Research | Feudal Age |
| 13:29 | Build | Farm |
| 13:30 | Build | Farm |
| 13:33 | Build | Farm |
| 13:35 | Build | Farm |
| 13:37 | Build | Farm |
| 13:39 | Build | Farm |
| 15:26 | Age | Feudal Age |
| 15:28 | Build | Farm |
| 15:47 | Create | Villager (Male) |
| 15:48 | Create | Villager (Male) |
| 15:48 | Create | Villager (Male) |
| 15:48 | Create | Villager (Male) |
| 16:03 | Build | House |
| 16:05 | Build | House |
| 16:06 | Build | House |
| 16:07 | Build | House |
| 16:08 | Build | House |
| 16:14 | Research | Double-Bit Axe |
| 16:18 | Research | Horse Collar |
| 16:23 | Create | Villager (Male) |
| 16:24 | Create | Villager (Male) |
| 17:03 | Build | Mill |
| 17:20 | Build | Stone Wall |
| 17:24 | Build | Stone Wall |
| 17:27 | Build | Gate |
| 17:47 | Build | Barracks |
| 18:08 | Build | Market |
| 18:33 | Build | Mining Camp |
| 18:38 | Research | Wheelbarrow |
| 18:38 | Create | Villager (Male) |
| 18:39 | Create | Villager (Male) ×5 |
| 18:39 | Create | Villager (Male) ×3 |
| 18:39 | Create | Villager (Male) ×3 |
| 20:31 | Build | Blacksmith |
| 21:36 | Research | Castle Age |
| 22:16 | Build | Stone Wall |
| 22:33 | Build | Stone Wall |
| 22:34 | Build | Stone Wall |
| 22:35 | Build | Stone Wall |
| 22:39 | Build | Stone Wall |
| 22:44 | Build | Gate |
| 23:13 | Build | Palisade Gate |
| 23:29 | Research | Gold Mining |
| 23:34 | Build | Farm |
| 23:42 | Build | Farm |
| 23:44 | Build | Farm |
| 23:48 | Build | Farm |
| 24:16 | Age | Castle Age |
| 24:24 | Build | Monastery |
| 24:33 | Build | Monastery |
| 24:46 | Build | Monastery |
| 24:57 | Build | Monastery |
| 25:12 | Research | Town Watch |
| 25:13 | Research | Hand Cart |
| 25:14 | Create | Villager (Male) ×5 |
| 25:14 | Create | Villager (Male) ×5 |
| 25:14 | Create | Villager (Male) ×2 |
| 25:20 | Create | Monk |
| 25:48 | Create | Monk |
| 25:59 | Create | Monk |
| 27:26 | Build | Town Center |
| 29:06 | Create | Villager (Male) |
| 29:06 | Create | Villager (Male) |
| 29:06 | Create | Villager (Male) |
| 29:14 | Research | Stone Mining |
| 29:33 | Build | Mill |
| 29:34 | Build | Mill |
| 29:38 | Build | Farm |
| 29:39 | Build | Farm |
| 29:44 | Build | Farm |
| 29:45 | Build | Farm |
| 29:47 | Build | Farm |
| 30:23 | Research | Gold Shaft Mining |
| 30:40 | Build | Town Center |
| 32:35 | Build | Castle |
| 32:49 | Create | Villager (Male) ×5 |
| 32:49 | Create | Villager (Male) ×5 |
| 33:47 | Build | Mining Camp |
| 34:11 | Build | Mill |
| 34:16 | Build | Farm |
| 34:17 | Build | Farm |
| 34:19 | Build | Farm |
| 34:20 | Build | Farm |
| 34:22 | Build | Farm |
| 34:23 | Build | Farm |
| 34:25 | Build | Farm |
| 34:41 | Build | Mill |
| 34:46 | Build | Farm |
| 34:47 | Build | Farm |
| 34:49 | Build | Farm |
| 34:50 | Build | Farm |
| 34:51 | Build | Farm |
| 34:54 | Build | Farm |
| 34:56 | Build | Farm |
| 34:57 | Build | Farm |
| 34:58 | Build | Farm |
| 35:01 | Build | Farm |
| 35:08 | Create | Villager (Male) |
| 35:08 | Create | Villager (Male) |
| 35:08 | Create | Villager (Male) |
| 35:08 | Create | Villager (Male) |
| 35:09 | Create | Villager (Male) |
| 36:17 | Build | Farm |
| 36:22 | Build | Farm |
| 36:24 | Build | Farm |
| 36:40 | Build | Siege Workshop |
| 37:04 | Research | Imperial Age |
| 37:23 | Research | Bow Saw |
| 37:37 | Create | Villager (Male) ×5 |
| 37:37 | Create | Villager (Male) ×5 |
| 37:38 | Create | Villager (Male) ×2 |
| 37:52 | Build | Farm |
| 37:54 | Build | Farm |
| 38:10 | Build | Siege Workshop |
| 38:12 | Build | Siege Workshop |
| 38:40 | Build | Stone Wall |
| 38:43 | Build | Stone Wall |
| 38:46 | Build | Stone Wall |
| 38:49 | Build | Stone Wall |
| 38:53 | Build | Gate |
Build order — Luc_The_War
First 150 of 366 actions detected
| 0:04 | Create | Villager (Male) |
| 0:04 | Create | Villager (Male) |
| 0:04 | Create | Villager (Male) |
| 0:04 | Create | Villager (Male) |
| 0:05 | Create | Villager (Male) |
| 0:10 | Build | House |
| 0:57 | Research | Loom |
| 1:38 | Create | Villager (Male) |
| 1:38 | Create | Villager (Male) |
| 2:01 | Build | House |
| 2:45 | Build | Palisade Wall |
| 2:54 | Build | House |
| 2:59 | Create | Villager (Male) |
| 2:59 | Create | Villager (Male) |
| 3:00 | Create | Villager (Male) |
| 4:13 | Create | Villager (Male) |
| 4:13 | Create | Villager (Male) |
| 4:13 | Create | Villager (Male) |
| 4:14 | Create | Villager (Male) |
| 4:14 | Create | Villager (Male) |
| 4:28 | Build | Palisade Wall |
| 4:32 | Build | Palisade Wall |
| 4:52 | Create | Villager (Male) |
| 4:52 | Create | Villager (Male) |
| 4:58 | Build | Mill |
| 5:52 | Create | Villager (Male) |
| 6:17 | Build | House |
| 6:23 | Create | Villager (Male) |
| 6:23 | Create | Villager (Male) |
| 6:24 | Create | Villager (Male) |
| 6:53 | Create | Villager (Male) |
| 6:53 | Create | Villager (Male) |
| 6:53 | Create | Villager (Male) |
| 8:06 | Create | Villager (Male) |
| 8:29 | Build | Mining Camp |
| 9:24 | Create | Villager (Male) |
| 9:58 | Research | Feudal Age |
| 10:20 | Build | House |
| 10:24 | Build | House |
| 10:28 | Build | House |
| 11:47 | Build | Lumber Camp |
| 12:07 | Create | Villager (Male) |
| 12:07 | Create | Villager (Male) |
| 12:07 | Create | Villager (Male) |
| 12:07 | Create | Villager (Male) |
| 12:08 | Age | Feudal Age |
| 12:17 | Research | Wheelbarrow |
| 12:27 | Research | Double-Bit Axe |
| 12:58 | Build | Lumber Camp |
| 13:07 | Build | Farm |
| 13:08 | Build | Farm |
| 13:10 | Build | Farm |
| 13:48 | Build | Farm |
| 13:50 | Build | Farm |
| 13:53 | Build | Farm |
| 13:54 | Build | Farm |
| 14:04 | Create | Villager (Male) |
| 14:10 | Research | Horse Collar |
| 14:31 | Build | Farm |
| 14:35 | Build | Farm |
| 14:37 | Build | Farm |
| 14:39 | Build | Farm |
| 14:43 | Build | Farm |
| 14:44 | Build | Farm |
| 14:46 | Build | Farm |
| 14:52 | Create | Villager (Male) |
| 14:53 | Create | Villager (Male) |
| 15:24 | Build | Market |
| 15:30 | Create | Villager (Male) |
| 15:31 | Create | Villager (Male) |
| 15:31 | Create | Villager (Male) |
| 15:46 | Build | Blacksmith |
| 16:03 | Create | Villager (Male) |
| 16:29 | Build | Farm |
| 16:30 | Build | Farm |
| 16:43 | Build | Farm |
| 16:53 | Build | Farm |
| 16:55 | Build | Farm |
| 16:58 | Build | Farm |
| 17:00 | Build | Farm |
| 17:06 | Create | Villager (Male) |
| 17:49 | Research | Castle Age |
| 18:14 | Build | House |
| 18:16 | Build | House |
| 18:19 | Build | House |
| 18:29 | Research | Town Watch |
| 19:06 | Research | Fletching |
| 19:48 | Build | House |
| 20:29 | Age | Castle Age |
| 20:35 | Build | Town Center |
| 20:41 | Research | Hand Cart |
| 20:45 | Research | Heavy Plow |
| 20:57 | Build | Monastery |
| 21:04 | Build | University |
| 21:09 | Research | Bow Saw |
| 21:14 | Create | Villager (Male) |
| 21:14 | Create | Villager (Male) |
| 21:15 | Create | Villager (Male) |
| 21:27 | Build | Town Center |
| 22:30 | Create | Villager (Male) |
| 22:31 | Create | Villager (Male) |
| 22:31 | Create | Villager (Male) |
| 22:31 | Create | Villager (Male) |
| 22:31 | Create | Villager (Male) |
| 22:31 | Create | Villager (Male) |
| 22:32 | Create | Villager (Male) |
| 22:32 | Create | Villager (Male) |
| 22:38 | Create | Villager (Male) |
| 22:38 | Create | Villager (Male) |
| 22:38 | Create | Villager (Male) |
| 22:38 | Create | Villager (Male) |
| 22:39 | Create | Villager (Male) |
| 22:39 | Create | Villager (Male) |
| 22:39 | Create | Villager (Male) |
| 22:39 | Create | Villager (Male) |
| 22:40 | Create | Villager (Male) |
| 22:40 | Create | Villager (Male) |
| 22:40 | Create | Villager (Male) |
| 22:40 | Create | Villager (Male) |
| 23:38 | Build | House |
| 23:40 | Build | House |
| 23:41 | Build | House |
| 23:42 | Build | House |
| 23:43 | Build | House |
| 23:45 | Build | House |
| 23:48 | Build | House |
| 23:49 | Build | House |
| 23:51 | Build | House |
| 23:53 | Build | House |
| 24:11 | Build | Siege Workshop |
| 24:17 | Research | Town Patrol |
| 24:23 | Create | Villager (Male) |
| 24:24 | Create | Villager (Male) |
| 24:24 | Create | Villager (Male) |
| 24:24 | Create | Villager (Male) |
| 24:25 | Create | Villager (Male) |
| 24:25 | Create | Villager (Male) |
| 24:25 | Create | Villager (Male) |
| 24:25 | Create | Villager (Male) |
| 24:26 | Create | Villager (Male) |
| 24:26 | Create | Villager (Male) |
| 24:26 | Create | Villager (Male) |
| 24:43 | Research | Stone Mining |
| 24:44 | Research | Gold Mining |
| 25:05 | Build | Town Center |
| 25:31 | Research | Stone Shaft Mining |
| 25:34 | Research | Ballistics |
| 25:37 | Research | Treadmill Crane |
| 25:38 | Research | Murder Holes |
| 25:43 | Research | Bodkin Arrow |
Build order — Bafode_44
First 150 of 357 actions detected
| 0:09 | Build | House |
| 0:11 | Build | House |
| 0:24 | Create | Villager (Male) |
| 0:25 | Research | Loom |
| 0:25 | Create | Villager (Male) |
| 0:25 | Create | Villager (Male) |
| 0:25 | Create | Villager (Male) |
| 0:55 | Build | Palisade Wall |
| 1:44 | Build | House |
| 1:45 | Build | House |
| 1:47 | Build | House |
| 1:48 | Build | House |
| 1:53 | Create | Villager (Male) |
| 1:53 | Create | Villager (Male) |
| 2:42 | Create | Villager (Male) |
| 3:19 | Create | Villager (Male) |
| 4:20 | Create | Villager (Male) |
| 4:36 | Create | Villager (Male) |
| 4:49 | Build | Dock |
| 5:10 | Create | Villager (Male) |
| 5:22 | Create | Villager (Male) |
| 6:30 | Create | Villager (Male) |
| 6:31 | Create | Villager (Male) |
| 6:36 | Create | Fishing Ship |
| 6:38 | Create | Fishing Ship |
| 6:39 | Create | Fishing Ship |
| 6:56 | Build | Palisade Wall |
| 7:01 | Create | Villager (Male) |
| 7:01 | Create | Villager (Male) |
| 7:39 | Create | Villager (Male) |
| 7:43 | Create | Fishing Ship |
| 8:23 | Create | Villager (Male) |
| 8:23 | Create | Villager (Male) |
| 8:26 | Create | Villager (Male) |
| 8:42 | Build | Lumber Camp |
| 8:53 | Create | Villager (Male) |
| 8:54 | Create | Villager (Male) |
| 9:37 | Create | Villager (Male) |
| 9:41 | Create | Fishing Ship |
| 10:48 | Build | Mill |
| 10:51 | Create | Villager (Male) |
| 10:51 | Create | Villager (Male) |
| 10:54 | Create | Fishing Ship |
| 11:09 | Build | House |
| 11:11 | Build | House |
| 11:25 | Create | Villager (Male) |
| 12:03 | Create | Fishing Ship |
| 12:20 | Research | Feudal Age |
| 12:24 | Build | House |
| 12:26 | Build | House |
| 12:27 | Build | House |
| 12:28 | Build | House |
| 12:34 | Create | Fishing Ship |
| 13:24 | Create | Fishing Ship |
| 13:35 | Build | Mining Camp |
| 13:53 | Create | Villager (Male) |
| 13:53 | Create | Villager (Male) |
| 13:57 | Create | Villager (Male) |
| 14:14 | Create | Villager (Male) |
| 14:28 | Build | Blacksmith |
| 14:38 | Build | Market |
| 15:00 | Build | Fish Trap |
| 15:26 | Build | Fish Trap |
| 15:45 | Create | Villager (Male) |
| 15:51 | Build | Fish Trap |
| 16:08 | Build | Fish Trap |
| 16:18 | Create | Villager (Male) |
| 16:32 | Build | Fish Trap |
| 16:44 | Create | Villager (Male) |
| 16:53 | Build | Fish Trap |
| 17:08 | Create | Villager (Male) |
| 17:14 | Build | Fish Trap |
| 17:32 | Build | Fish Trap |
| 18:12 | Research | Castle Age |
| 18:18 | Build | Fish Trap |
| 18:37 | Build | Mill |
| 18:43 | Build | Farm |
| 18:45 | Build | Farm |
| 18:55 | Build | Farm |
| 19:18 | Build | Stone Wall |
| 19:23 | Build | Gate |
| 20:38 | Create | Villager (Male) |
| 20:38 | Create | Villager (Male) |
| 20:39 | Create | Villager (Male) |
| 20:39 | Create | Villager (Male) |
| 20:39 | Create | Villager (Male) |
| 20:40 | Create | Villager (Male) |
| 20:41 | Create | Villager (Male) |
| 20:52 | Build | Town Center |
| 21:13 | Build | Town Center |
| 21:19 | Create | Villager (Male) |
| 21:19 | Create | Villager (Male) |
| 21:19 | Create | Villager (Male) |
| 21:20 | Create | Villager (Male) |
| 21:20 | Create | Villager (Male) |
| 21:22 | Create | Villager (Male) |
| 21:35 | Build | Stone Wall |
| 21:41 | Build | Gate |
| 22:28 | Research | Wheelbarrow |
| 22:31 | Create | Villager (Male) |
| 22:31 | Create | Villager (Male) |
| 22:32 | Create | Villager (Male) |
| 22:32 | Create | Villager (Male) |
| 22:32 | Create | Villager (Male) |
| 22:33 | Create | Villager (Male) |
| 22:34 | Create | Villager (Male) |
| 22:34 | Create | Villager (Male) |
| 23:22 | Build | Castle |
| 23:29 | Build | Farm |
| 23:30 | Build | Farm |
| 23:33 | Build | Farm |
| 23:39 | Create | Villager (Male) |
| 23:39 | Create | Villager (Male) |
| 23:40 | Create | Villager (Male) |
| 23:40 | Create | Villager (Male) |
| 23:42 | Create | Villager (Male) |
| 23:42 | Create | Villager (Male) |
| 23:58 | Build | Farm |
| 24:04 | Build | Farm |
| 24:13 | Create | Villager (Male) |
| 24:13 | Create | Villager (Male) |
| 24:28 | Build | Farm |
| 24:48 | Build | Farm |
| 24:52 | Create | Villager (Male) |
| 24:52 | Create | Villager (Male) |
| 24:52 | Create | Villager (Male) |
| 24:53 | Create | Villager (Male) |
| 24:54 | Create | Villager (Male) |
| 25:07 | Build | Town Center |
| 25:14 | Build | House |
| 25:15 | Build | House |
| 25:17 | Build | House |
| 25:18 | Build | House |
| 25:19 | Build | House |
| 25:31 | Create | Villager (Male) |
| 25:31 | Create | Villager (Male) |
| 25:31 | Create | Villager (Male) |
| 25:31 | Create | Villager (Male) |
| 25:38 | Build | Farm |
| 25:54 | Build | Farm |
| 26:28 | Build | Farm |
| 27:34 | Build | Farm |
| 27:35 | Build | Farm |
| 27:36 | Build | Farm |
| 27:41 | Create | Villager (Male) |
| 27:41 | Create | Villager (Male) |
| 27:41 | Create | Villager (Male) |
| 27:54 | Build | Barracks |
| 28:34 | Build | Farm |
| 28:41 | Build | Farm |
Build order — kingvenkat521
First 150 of 249 actions detected
| 0:04 | Build | House |
| 0:06 | Build | House |
| 0:06 | Create | Villager (Male) |
| 0:07 | Create | Villager (Male) |
| 0:07 | Create | Villager (Male) |
| 0:07 | Create | Villager (Male) |
| 1:32 | Create | Villager (Male) |
| 1:54 | Create | Villager (Male) |
| 2:21 | Create | Villager (Male) |
| 2:31 | Build | Lumber Camp |
| 2:57 | Create | Villager (Male) |
| 3:17 | Create | Villager (Male) |
| 3:34 | Create | Villager (Male) |
| 3:59 | Build | House |
| 4:29 | Create | Villager (Male) |
| 4:46 | Create | Villager (Male) |
| 4:50 | Build | House |
| 5:12 | Create | Villager (Male) |
| 5:15 | Create | Villager (Male) |
| 5:53 | Create | Villager (Male) |
| 6:17 | Create | Villager (Male) |
| 6:27 | Create | Villager (Male) |
| 6:57 | Create | Villager (Male) |
| 7:01 | Build | Mining Camp |
| 7:16 | Build | House |
| 7:22 | Create | Villager (Male) |
| 7:51 | Create | Villager (Male) |
| 8:08 | Create | Villager (Male) |
| 8:37 | Build | Mill |
| 8:42 | Create | Villager (Male) |
| 9:23 | Create | Villager (Male) |
| 10:12 | Create | Villager (Male) |
| 10:20 | Create | Villager (Male) |
| 10:21 | Create | Villager (Male) |
| 11:08 | Research | Loom |
| 11:08 | Research | Feudal Age |
| 11:46 | Build | House |
| 11:49 | Build | House |
| 12:51 | Build | House |
| 14:02 | Create | Villager (Male) |
| 14:02 | Create | Villager (Male) |
| 14:02 | Age | Feudal Age |
| 14:16 | Build | Blacksmith |
| 14:48 | Build | Market |
| 14:58 | Research | Horse Collar |
| 15:04 | Build | Mining Camp |
| 15:16 | Research | Castle Age |
| 15:39 | Research | Stone Mining |
| 16:01 | Build | Lumber Camp |
| 16:37 | Create | Villager (Male) |
| 16:37 | Create | Villager (Male) |
| 17:56 | Age | Castle Age |
| 18:11 | Build | Town Center |
| 18:28 | Build | Town Center |
| 18:35 | Create | Villager (Male) |
| 18:35 | Create | Villager (Male) |
| 18:58 | Research | Fletching |
| 18:59 | Research | Padded Archer Armor |
| 19:04 | Research | Stone Shaft Mining |
| 19:28 | Research | Heavy Plow |
| 19:58 | Create | Villager (Male) |
| 20:22 | Build | Farm |
| 20:22 | Build | Farm |
| 20:23 | Build | Farm |
| 20:32 | Build | Farm |
| 20:38 | Build | Farm |
| 20:38 | Build | Farm |
| 20:38 | Build | Farm |
| 20:38 | Build | Farm |
| 20:39 | Build | Farm |
| 20:39 | Build | Farm |
| 20:39 | Build | Farm |
| 20:40 | Build | Farm |
| 20:41 | Build | Farm |
| 21:20 | Build | Castle |
| 21:24 | Create | Villager (Male) |
| 21:56 | Build | Farm |
| 22:09 | Build | House |
| 22:13 | Build | House |
| 22:14 | Build | House |
| 22:14 | Build | House |
| 22:15 | Build | House |
| 22:18 | Build | House |
| 22:18 | Build | House |
| 22:24 | Create | Villager (Male) ×4 |
| 23:08 | Build | Farm |
| 23:10 | Create | Villager (Male) ×3 |
| 23:24 | Create | Villager (Male) ×2 |
| 23:55 | Build | Farm |
| 24:12 | Build | Farm |
| 24:16 | Create | Villager (Male) ×4 |
| 24:38 | Build | Mining Camp |
| 24:50 | Build | Farm |
| 24:53 | Create | Villager (Male) ×3 |
| 25:07 | Build | Barracks |
| 25:10 | Research | Double-Bit Axe |
| 25:14 | Create | Villager (Male) |
| 25:17 | Create | Villager (Male) |
| 25:35 | Build | Farm |
| 25:54 | Create | Villager (Male) ×3 |
| 25:56 | Create | Villager (Male) |
| 26:09 | Build | House |
| 26:10 | Build | House |
| 26:10 | Build | House |
| 26:11 | Build | House |
| 26:35 | Build | Farm |
| 26:38 | Create | Villager (Male) ×4 |
| 26:39 | Create | Villager (Male) |
| 27:00 | Create | Villager (Male) |
| 27:48 | Build | Castle |
| 28:05 | Create | Villager (Male) ×5 |
| 28:05 | Create | Villager (Male) ×4 |
| 28:48 | Build | Siege Workshop |
| 28:51 | Build | Siege Workshop |
| 29:17 | Research | Squires |
| 29:31 | Build | Siege Workshop |
| 29:44 | Build | Farm |
| 29:46 | Build | Farm |
| 29:50 | Build | Farm |
| 29:58 | Build | Farm |
| 30:01 | Build | House |
| 30:02 | Build | House |
| 30:12 | Build | Castle |
| 30:16 | Create | Mangonel ×5 |
| 30:17 | Create | Mangonel ×5 |
| 30:30 | Research | Man-at-Arms (upgrade) |
| 30:31 | Research | Squires |
| 31:17 | Build | House |
| 31:18 | Build | House |
| 31:19 | Build | House |
| 32:08 | Research | Imperial Age |
| 32:10 | Create | Villager (Male) ×5 |
| 32:11 | Create | Villager (Male) ×5 |
| 32:11 | Create | Villager (Male) ×5 |
| 33:08 | Build | Farm |
| 33:12 | Build | Farm |
| 33:16 | Build | Farm |
| 33:17 | Build | Farm |
| 33:23 | Build | House |
| 33:24 | Build | House |
| 33:27 | Research | Bodkin Arrow |
| 34:42 | Build | Mining Camp |
| 34:54 | Build | Farm |
| 34:54 | Build | Farm |
| 34:54 | Build | Farm |
| 34:58 | Build | Farm |
| 35:02 | Build | Farm |
| 35:18 | Age | Imperial Age |
| 35:20 | Create | Trebuchet (Packed) ×3 |
| 35:28 | Build | Castle |
Build order — floping44
First 150 of 224 actions detected
| 0:08 | Research | Loom |
| 0:11 | Create | Villager (Male) |
| 0:12 | Create | Villager (Male) |
| 0:12 | Create | Villager (Male) |
| 0:12 | Create | Villager (Male) |
| 0:17 | Build | House |
| 0:18 | Build | House |
| 0:19 | Build | House |
| 0:39 | Build | Palisade Wall |
| 1:31 | Build | Palisade Wall |
| 2:21 | Build | House |
| 2:22 | Build | House |
| 3:08 | Create | Villager (Male) |
| 4:58 | Create | Villager (Male) |
| 4:58 | Create | Villager (Male) |
| 4:58 | Create | Villager (Male) |
| 5:31 | Create | Villager (Male) |
| 5:53 | Create | Villager (Male) |
| 6:48 | Create | Villager (Male) |
| 7:01 | Create | Villager (Male) |
| 7:23 | Create | Villager (Male) |
| 8:04 | Build | Dock |
| 8:07 | Create | Villager (Male) |
| 8:08 | Create | Villager (Male) |
| 8:08 | Create | Villager (Male) |
| 8:57 | Create | Villager (Male) |
| 8:57 | Create | Villager (Male) |
| 8:57 | Create | Villager (Male) |
| 8:57 | Create | Villager (Male) |
| 9:01 | Create | Fishing Ship |
| 9:41 | Create | Villager (Male) |
| 9:55 | Build | Lumber Camp |
| 10:18 | Create | Villager (Male) |
| 10:20 | Create | Fishing Ship |
| 11:07 | Create | Fishing Ship |
| 11:17 | Create | Villager (Male) |
| 11:17 | Create | Villager (Male) |
| 11:24 | Create | Villager (Male) |
| 12:10 | Build | Mining Camp |
| 12:54 | Build | Mill |
| 12:58 | Research | Feudal Age |
| 13:24 | Create | Fishing Ship |
| 14:24 | Build | Mining Camp |
| 14:28 | Create | Fishing Ship |
| 14:37 | Build | House |
| 14:39 | Build | House |
| 14:52 | Build | Mill |
| 15:00 | Create | Villager (Male) |
| 15:00 | Create | Villager (Male) |
| 15:01 | Create | Villager (Male) |
| 15:01 | Create | Villager (Male) |
| 15:01 | Create | Villager (Male) |
| 15:50 | Build | Blacksmith |
| 16:21 | Build | Market |
| 16:24 | Build | House |
| 16:25 | Build | House |
| 17:13 | Create | Villager (Male) |
| 17:35 | Create | Villager (Male) |
| 18:11 | Research | Castle Age |
| 18:20 | Build | House |
| 18:23 | Build | House |
| 18:53 | Build | Stone Wall |
| 18:59 | Build | Gate |
| 19:25 | Build | Stone Wall |
| 19:47 | Build | Fish Trap |
| 19:51 | Build | Fish Trap |
| 20:04 | Build | House |
| 20:33 | Create | Villager (Male) |
| 20:34 | Create | Villager (Male) |
| 20:34 | Create | Villager (Male) |
| 20:34 | Create | Villager (Male) |
| 20:34 | Create | Villager (Male) |
| 20:35 | Create | Villager (Male) |
| 20:54 | Build | Town Center |
| 21:48 | Build | Castle |
| 21:59 | Create | Villager (Male) |
| 22:02 | Create | Villager (Male) |
| 22:02 | Create | Villager (Male) |
| 22:02 | Create | Villager (Male) |
| 22:03 | Create | Villager (Male) |
| 22:03 | Create | Villager (Male) |
| 22:03 | Create | Villager (Male) |
| 22:09 | Build | Farm |
| 22:22 | Build | Farm |
| 22:31 | Build | Farm |
| 22:38 | Create | Villager (Male) |
| 22:39 | Create | Villager (Male) |
| 23:22 | Create | Villager (Male) |
| 23:25 | Create | Villager (Male) |
| 23:29 | Create | Hussite Wagon |
| 23:30 | Create | Hussite Wagon |
| 23:51 | Create | Villager (Male) |
| 23:55 | Build | Farm |
| 23:57 | Create | Villager (Male) |
| 24:07 | Create | Hussite Wagon |
| 24:16 | Build | Farm |
| 24:23 | Create | Villager (Male) |
| 24:28 | Create | Hussite Wagon |
| 24:39 | Create | Villager (Male) |
| 24:42 | Create | Villager (Male) |
| 24:59 | Build | Farm |
| 25:02 | Create | Villager (Male) |
| 25:21 | Build | Farm |
| 25:36 | Build | Town Center |
| 25:40 | Create | Villager (Male) |
| 25:43 | Create | Villager (Male) |
| 25:55 | Create | Hussite Wagon |
| 26:18 | Create | Hussite Wagon |
| 26:18 | Create | Hussite Wagon |
| 29:11 | Create | Hussite Wagon |
| 29:11 | Create | Hussite Wagon |
| 29:11 | Create | Hussite Wagon |
| 29:11 | Create | Hussite Wagon |
| 29:12 | Create | Hussite Wagon |
| 29:12 | Create | Hussite Wagon |
| 30:27 | Build | Castle |
| 30:44 | Research | Imperial Age |
| 30:46 | Create | Villager (Male) |
| 30:53 | Build | Farm |
| 30:56 | Build | Farm |
| 32:58 | Build | Mining Camp |
| 33:00 | Create | Hussite Wagon |
| 33:00 | Create | Hussite Wagon |
| 33:00 | Create | Hussite Wagon |
| 33:00 | Create | Hussite Wagon |
| 33:00 | Create | Hussite Wagon |
| 33:01 | Create | Hussite Wagon |
| 33:01 | Create | Hussite Wagon |
| 33:01 | Create | Hussite Wagon |
| 33:01 | Create | Hussite Wagon |
| 33:01 | Create | Hussite Wagon |
| 33:23 | Create | Villager (Male) |
| 33:23 | Create | Villager (Male) |
| 33:23 | Create | Villager (Male) |
| 33:26 | Create | Villager (Male) |
| 33:26 | Create | Villager (Male) |
| 33:26 | Create | Villager (Male) |
| 34:02 | Build | Fish Trap |
| 34:05 | Build | Fish Trap |
| 34:14 | Research | Wagenburg Tactics |
| 34:21 | Create | Villager (Male) |
| 34:21 | Create | Villager (Male) |
| 34:36 | Build | Farm |
| 34:39 | Build | Farm |
| 34:48 | Create | Villager (Male) |
| 34:49 | Create | Villager (Male) |
| 34:59 | Build | Farm |
| 35:03 | Create | Trade Cart |
| 35:03 | Create | Trade Cart |
| 35:03 | Create | Trade Cart |
Match timeline
| 0:39 | floping44 · wall_segment Palisade Wall x13 |
| 0:42 | Kralson · wall_segment Palisade Wall x13 |
| 0:54 | Kralson · wall_segment Palisade Wall x11 |
| 0:55 | Bafode_44 · wall_segment Palisade Wall x14 |
| 1:09 | 癸政舒 · wall_segment Palisade Wall x14 |
| 1:31 | floping44 · wall_segment Palisade Wall x13 |
| 2:45 | Luc_The_War · wall_segment Palisade Wall x7 |
| 3:37 | komailvidz · wall_segment Palisade Wall x7 |
| 3:38 | komailvidz · wall_segment Palisade Wall x1 |
| 3:42 | komailvidz · wall_segment Palisade Wall x7 |
| 3:43 | 癸政舒 · resign |
| 4:28 | Luc_The_War · wall_segment Palisade Wall x5 |
| 4:32 | Luc_The_War · wall_segment Palisade Wall x6 |
| 4:49 | Bafode_44 · first_building Dock |
| 6:56 | Bafode_44 · wall_segment Palisade Wall x13 |
| 7:22 | Kralson · wall_segment Palisade Wall x11 |
| 8:04 | floping44 · first_building Dock |
| 10:27 | Kralson · wall_segment Palisade Wall x14 |
| 12:07 | Kralson · wall_segment Palisade Wall x23 |
| 12:08 | Luc_The_War · age_up feudal |
| 13:36 | DOGR14 · age_up feudal |
| 13:49 | Kralson · wall_segment Palisade Wall x1 |
| 14:02 | kingvenkat521 · age_up feudal |
| 15:01 | Kralson · wall_segment Palisade Wall x16 |
| 15:26 | komailvidz · age_up feudal |
| 16:21 | DOGR14 · wall_segment Palisade Wall x1 |
| 17:13 | DOGR14 · age_up castle |
| 17:20 | komailvidz · wall_segment Stone Wall x5 |
| 17:24 | komailvidz · wall_segment Stone Wall x9 |
| 17:38 | Bafode_44 · first_market_buy 100 food |
| 17:40 | Bafode_44 · first_market_sell 100 wood |
| 17:47 | komailvidz · first_building Barracks |
| 17:56 | kingvenkat521 · age_up castle |
| 18:48 | Kralson · age_up feudal |
| 18:53 | floping44 · wall_segment Stone Wall x10 |
| 19:18 | Bafode_44 · wall_segment Stone Wall x15 |
| 19:25 | floping44 · wall_segment Stone Wall x11 |
| 19:48 | Kralson · wall_segment Palisade Wall x25 |
| 20:29 | Luc_The_War · age_up castle |
| 20:57 | Luc_The_War · first_building Monastery |
| 21:20 | kingvenkat521 · first_building Castle |
| 21:29 | komailvidz · first_market_sell 100 food |
| 21:35 | Bafode_44 · wall_segment Stone Wall x17 |
| 21:48 | floping44 · first_building Castle |
| 22:16 | komailvidz · wall_segment Stone Wall x9 |
| 22:33 | komailvidz · wall_segment Stone Wall x1 |
| 22:34 | komailvidz · wall_segment Stone Wall x1 |
| 22:35 | komailvidz · wall_segment Stone Wall x1 |
| 22:39 | komailvidz · wall_segment Stone Wall x10 |
| 23:22 | Bafode_44 · first_building Castle |
| 24:05 | Kralson · wall_segment Palisade Wall x19 |
| 24:09 | DOGR14 · first_building Monastery |
| 24:11 | Luc_The_War · first_building Siege Workshop |
| 24:14 | Kralson · wall_segment Palisade Wall x5 |
| 24:16 | komailvidz · age_up castle |
| 24:17 | Kralson · wall_segment Palisade Wall x1 |
| 24:24 | komailvidz · first_building Monastery |
| 24:39 | DOGR14 · first_building Castle |
| 25:07 | kingvenkat521 · first_building Barracks |
| 27:03 | komailvidz · first_market_buy 100 stone |
| 27:26 | Luc_The_War · first_building Barracks |
| 27:49 | Kralson · wall_segment Palisade Wall x18 |
| 27:54 | Bafode_44 · first_building Barracks |
| 28:05 | Kralson · wall_segment Palisade Wall x10 |
| 28:48 | kingvenkat521 · first_building Siege Workshop |
| 29:21 | DOGR14 · first_building Barracks |
| 30:28 | DOGR14 · first_building Siege Workshop |
| 30:33 | DOGR14 · age_up imperial |
| 31:24 | Bafode_44 · first_building Archery Range |
| 31:58 | Luc_The_War · first_market_sell 100 wood |
| 32:00 | Luc_The_War · first_market_buy 100 food |
| 32:35 | komailvidz · first_building Castle |
| 33:04 | Kralson · first_building Barracks |
| 34:34 | kingvenkat521 · tribute_sent a jugador 1 |
| 34:34 | kingvenkat521 · tribute_sent a jugador 2 |
| 34:34 | kingvenkat521 · tribute_sent a jugador 3 |
| 34:34 | kingvenkat521 · tribute_sent a jugador 4 |
| 34:34 | kingvenkat521 · tribute_sent a jugador 5 |
| 34:34 | kingvenkat521 · tribute_sent a jugador 6 |
| 34:34 | kingvenkat521 · tribute_sent a jugador 8 |
| 35:08 | Kralson · first_building Archery Range |
| 35:18 | kingvenkat521 · age_up imperial |
| 35:26 | floping44 · first_market_sell 100 wood |
| 36:00 | Luc_The_War · first_building Castle |
| 36:19 | Luc_The_War · age_up imperial |
| 36:30 | Kralson · age_up castle |
| 36:40 | komailvidz · first_building Siege Workshop |
| 37:02 | Kralson · first_building Monastery |
| 38:40 | komailvidz · wall_segment Stone Wall x12 |
| 38:43 | komailvidz · wall_segment Stone Wall x11 |
| 38:46 | komailvidz · wall_segment Stone Wall x11 |
| 38:49 | komailvidz · wall_segment Stone Wall x9 |
| 38:54 | Luc_The_War · first_building Archery Range |
| 38:59 | komailvidz · wall_segment Stone Wall x14 |
| 39:02 | komailvidz · wall_segment Stone Wall x13 |
| 39:05 | floping44 · first_building Siege Workshop |
| 39:27 | Kralson · first_building Siege Workshop |
| 40:14 | komailvidz · age_up imperial |
| 41:27 | Kralson · wall_segment Palisade Wall x5 |
| 41:31 | Kralson · wall_segment Palisade Wall x4 |
| 42:39 | DOGR14 · first_market_sell 100 food |
| 43:07 | Kralson · first_market_buy 100 wood |
| 43:16 | komailvidz · wall_segment Stone Wall x11 |
| 43:30 | Kralson · age_up imperial |
| 44:35 | komailvidz · wall_segment Stone Wall x2 |
| 44:36 | komailvidz · wall_segment Stone Wall x1 |
| 46:46 | komailvidz · wall_segment Stone Wall x1 |
| 47:24 | Luc_The_War · first_building Stable |
| 49:07 | komailvidz · first_building Stable |
[ AI ANALYSIS · 1 CREDIT ]
What really happened in this match?
Wolo.gg analyzes every decision: build order, eco, micro, common mistakes by bracket. Personalized analysis on WhatsApp or Discord in 30 seconds.
Civ guide
Sicilians
Perfil
Jugador #17098854